 Dungeon Crawl Stone Soup version 0.22-a0-815-gb582571 (webtiles) character file.

1215 Amnesiac the Magician (level 8, -2/54 HPs)
             Began as a Mummy Earth Elementalist on July 23, 2018.
             Was a Follower of Vehumet.
             Splashed by Ijyb's acid (14 damage)
             ... on level 5 of the Dungeon.
             The game lasted 00:08:54 (5653 turns).

Amnesiac the Magician (Mummy Earth Elementalist)    Turns: 5653, Time: 00:08:54

Health: -2/54      AC: -1    Str: 11    XL:     8   Next: 22%
Magic:  9/17       EV: 14    Int: 16    God:    Vehumet [*.....]
Gold:   299        SH:  0    Dex: 13    Spells: 5/20 levels left

rFire    x . .     SeeInvis .   a - +2 short sword (venom)
rCold    + . .     Gourm    .   (no shield)
rNeg     + + +     Faith    .   c - +1 robe
rPois    ∞         Spirit   .   (no helmet)
rElec    .         Reflect  .   (no cloak)
rCorr    .         Harm     .   (no gloves)
MR       +....                  (no boots)
Stlth    ++........             (no amulet)
HPRegen  0.18/turn              (no ring)
MPRegen  0.15/turn              (no ring)

@: corroded, very slightly contaminated
A: no food or potions, fire vulnerability, cold resistance 1, negative energy
resistance 3, torment resistance, unbreathing
a: Renounce Religion


You were on level 5 of the Dungeon.
You worshipped Vehumet.
Vehumet was aware of your devotion.
You were not hungry.

You visited 2 branches of the dungeon, and saw 6 of its levels.

You collected 299 gold pieces.

Inventory:

Hand Weapons
 a - a +2 short sword of venom (weapon)
 j - a +0 dagger of speed
Missiles
 h - 90 stones (quivered)
Armour
 c - a +1 robe (worn)
 k - a +0 shield
Magical Staves
 b - an uncursed staff of air
Wands
 f - a wand of paralysis (6)
Scrolls
 d - 2 scrolls of magic mapping {!r}
 e - 2 scrolls of enchant armour {!r}
 g - a scroll of identify {!r}
 i - 5 scrolls of teleportation {!r}
 l - a scroll of fog {!r}
 m - a scroll of amnesia {!r}
 n - a scroll of fear {!r}


   Skills:
 + Level 1.0 Fighting
 - Level 4.0 Dodging
 - Level 1.5 Stealth
 + Level 6.5 Spellcasting
 - Level 0.7 Transmutations
 * Level 6.4 Earth Magic


You had 5 spell levels left.
You knew the following spells:

 Your Spells              Type           Power        Failure   Level  Hunger
a - Sandblast             Erth           ####..       1%          1    N/A
b - Passwall              Tmut/Erth      ###.....     4%          2    N/A
c - Stone Arrow           Conj/Erth      ###...       11%         3    N/A
d - Lee's Rapid Deconstr  Erth           ####......   26%         5    N/A
e - Petrify               Tmut/Erth      ###.....     30%         4    N/A

Your spell library contained the following spells:

 Spells                   Type           Power        Failure   Level  Hunger


Dungeon Overview and Level Annotations

Branches:
Dungeon (5/15)             Temple (1/1) D:5

Altars:
Ashenzari
Cheibriados
Elyvilon
Gozag
Hepliaklqana
Kikubaaqudgha
Makhleb
Okawaru
Qazlal
Sif Muna
Trog
Uskayaw
Vehumet
Wu Jian
Xom
Zin
The Shining One

Annotations:
D:5 Ijyb


Innate Abilities, Weirdness & Mutations

You do not eat or drink.
Your flesh is vulnerable to fire.
You are immune to poison.
Your flesh is cold resistant. (rC+)
You are immune to negative energy. (rN+++)
You are immune to unholy pain and torment.
You can survive without breathing.


Message History

The adder bites you but does no damage. The adder closely misses you.
An adder is nearby!
You closely miss the adder.
The adder is almost dead.
The adder barely misses you.
You closely miss the adder.
The adder is almost dead.
You kill the adder!
Vehumet accepts your kill.
No target in view!
HP restored.
You see here an adder corpse.
You now have 294 gold pieces (gained 6).
There is a stone staircase leading down here.
Key pressed, stopping explore.
You see here a runed spear.
There is an escape hatch in the floor here.
You see here a whip.
Key pressed, stopping explore.
n - a scroll of fear {!r}
There is a stone staircase leading down here.
You see here a hand axe.
Key pressed, stopping explore.
Things that are here:
a ring mail; a short sword
Things that are here:
a robe; a bubbling blue potion {!q} You now have 299 gold pieces (gained 5).
Key pressed, stopping explore.
You see here an animal skin.
You see here an animal skin.
Key pressed, stopping explore.
Ijyb is too close now for your liking.
Ijyb is nearby!
Casting: Sandblast (safe; 1% risk of failure)
Confirm with . or Enter, or press ? or * to list all spells.
Aiming: Petrify (quite dangerous; 30% risk of failure)
Press: ? - help, Shift-Dir - straight line, f - Ijyb
Aim: Ijyb, wielding a club, wearing a ring mail and carrying a wand of acid (7) (hasn't noticed you, chance to defeat MR: 55%) Ijyb shouts!
Ijyb resists with significant effort.
Casting: Petrify (quite dangerous; 30% risk of failure)
Confirm with . or Enter, or press ? or * to list all spells.
Aiming: Petrify (quite dangerous; 30% risk of failure)
Press: ? - help, Shift-Dir - straight line, f/p - Ijyb
Aim: Ijyb, wielding a club, wearing a ring mail and carrying a wand of acid (7) (chance to defeat MR: 55%)
You miscast Petrify.
You are very lightly contaminated with residual magic.
You hear a distant rumble.
Ijyb zaps a wand.
The bolt of acid misses you.
Casting: Petrify (quite dangerous; 30% risk of failure)
Confirm with . or Enter, or press ? or * to list all spells.
Aiming: Petrify (quite dangerous; 30% risk of failure)
Press: ? - help, Shift-Dir - straight line, f/p - Ijyb
Aim: Ijyb, wielding a club, wearing a ring mail and carrying a wand of acid (6) (chance to defeat MR: 55%)
You miscast Petrify.
You are showered with tiny particles of grit.
Ijyb zaps a wand.
The bolt of acid hits you! The acid corrodes you!
You are splashed with acid!
The acid burns!
* * * LOW HITPOINT WARNING * * *
Ijyb zaps a wand.
The bolt of acid hits you!
* * * LOW HITPOINT WARNING * * *
You are splashed with acid!
The acid burns!
You die...

#.#.....!..# #...#..§..
#...#.###..##### ###.#.....
#.###..........# ###..... #.#
##.##.g##..########..... #.#
#.##..##.........#..... #.#
#.##..###.#######8..... #.#
#.##..###.## #....... #.#
#.##..##...#####.8..... #.#
#.##..@..........#..... #.#
#.....##...#####.#.....
###.####.#######.######>#.....
#...##..............†...#.....
##...##.#.#######.########.....
##8..8##.#.........######
#.....
#_.....#.#.#............#
######
###..###.#.#.##########.# #.#
#_...._#.#.#.# #.# #.#


You could see Ijyb.

Vanquished Creatures
  Duvessa (D:5)
  An ice beast (D:5)
  2 slaves (D:5)
  2 sky beasts (D:5)
  An ogre (D:2)
  A necrophage (D:5)
  A centaur (D:5)
  Dowan (D:5)
  A scorpion (D:5)
  2 hounds
  2 orc priests (D:3)
  2 centaur skeletons (D:4)
  2 orc wizards
  An iguana (D:4)
  2 worker ants
  A gnoll (D:1)
  7 adders
  A shadow imp (D:3)
  2 worms
  4 dart slugs
  3 leopard geckos (D:3)
  3 orcs (D:3)
  5 giant cockroaches
  6 goblins
  11 hobgoblins
  9 jackals
  11 kobolds
  8 quokkas
  6 ball pythons
  14 bats
  9 frilled lizards
  6 rats
128 creatures vanquished.

Vanquished Creatures (others)
  Pikel (D:5)
  2 slaves (D:5)
  A jackal zombie (D:5)
4 creatures vanquished.

Grand Total: 132 creatures vanquished

Notes
Turn   | Place    | Note
-------+----------+-------------------------------------------
     0 | D:1      | Amnesiac the Mummy Earth Elementalist began the quest for the Orb.
     0 | D:1      | Reached XP level 1. HP: 13/13 MP: 4/4
   100 | D:2      | Reached XP level 2. HP: 19/19 MP: 5/5
   138 | D:2      | Noticed an ogre
   163 | D:2      | Killed an ogre
   163 | D:2      | Reached XP level 3. HP: 16/24 MP: 1/8
   163 | D:2      | Reached XP level 4. HP: 20/30 MP: 1/9
   168 | D:2      | Learned a level 2 spell: Passwall
   172 | D:2      | Learned a level 3 spell: Stone Arrow
   177 | D:2      | Learned a level 4 spell: Petrify
   614 | D:3      | Reached XP level 5. HP: 32/35 MP: 10/10
  1927 | D:4      | Reached XP level 6. HP: 33/41 MP: 9/12
  2615 | D:5      | Entered Level 5 of the Dungeon
  2692 | D:5      | Found a stormy altar of Qazlal.
  2693 | D:5      | Found an ornate altar of the Wu Jian Council.
  2694 | D:5      | Found an ancient bone altar of Kikubaaqudgha.
  2695 | D:5      | Found a glowing silver altar of Zin.
  2695 | D:5      | Found an iron altar of Okawaru.
  2696 | D:5      | Found a burning altar of Makhleb.
  2697 | D:5      | Found a hide-covered altar of Uskayaw.
  2700 | D:5      | Found a deep blue altar of Sif Muna.
  2893 | D:5      | Noticed an ice beast
  2920 | D:5      | Noticed a sky beast
  2930 | D:5      | Killed a sky beast
  2930 | D:5      | Reached skill level 5 in Spellcasting
  2930 | D:5      | Reached skill level 5 in Earth Magic
  2961 | D:5      | Killed an ice beast
  2961 | D:5      | Reached XP level 7. HP: 46/46 MP: 6/14
  2968 | D:5      | Learned a level 5 spell: Lee's Rapid Deconstruction
  3131 | D:5      | Noticed Pikel
  3186 | D:5      | Noticed Dowan
  3554 | D:5      | Found a staircase to the Ecumenical Temple.
  3556 | Temple   | Entered the Ecumenical Temple
  3564 | Temple   | Became a worshipper of Vehumet
  3646 | D:5      | Noticed Duvessa
  3665 | D:5      | Killed Pikel
  3675 | D:5      | Killed Duvessa
  3678 | D:5      | Killed Dowan
  3678 | D:5      | Reached XP level 8. HP: 8/52 MP: 0/17
  5041 | D:3      | Reached * piety under Vehumet
  5041 | D:3      | Offered knowledge of Shock by Vehumet.
  5069 | D:3      | Reached skill level 1 in Fighting
  5265 | D:5      | Noticed Ijyb
  5653 | D:5      | Splashed by Ijyb's acid

Vault maps used:
D:1:      enne_arrival_octagon_isle
D:2:      first_ration, kennysheep_generic_room_7
D:3:      minmay_shallow_snake_nest
D:4:      minivault_11
D:5:      minitemple, lemuel_temple_firewalk_a, uniq_duvessa, uniq_pikel,
          uniq_ijyb, uniq_menkaure
Temple:   eino_narrow_crystal_temple

Skill      XL: |  1  2  3  4  5  6  7  8 |
---------------+-------------------------+-----
Spellcasting   | 3 4 5 6 |  6.5
Earth Magic    | 3 4 5 6 |  6.4
Dodging        | 2 3 4 |  4.0
Fighting       | 1 |  1.0
Stealth        | |  1.5
Transmutations | |  0.7

Action                   |  1- 3 |  4- 6 |  7- 9 || total
-------------------------+-------+-------+-------++-------
Melee: Short sword       |    13 |   172 |   127 ||   312
 Cast: Sandblast         |    13 |    39 |    49 ||   101
       Passwall          |       |     2 |     5 ||     7
       Lee's Rapid Decon |       |       |     2 ||     2
       Petrify           |       |       |     1 ||     1
Evoke: Wand              |       |       |     2 ||     2
  Use: Scroll            |       |     7 |     5 ||    12
 Stab: Sleeping          |     1 |     4 |     4 ||     9
       Paralysed         |       |       |     5 ||     5
Armor: Robe              |       |    34 |    27 ||    61
Dodge: Dodged            |    15 |   148 |   128 ||   291

Table legend:
 A = Spawn XP
 B = Non-spawn XP
 C = Spawn XP percentage of total XP
 D = Spawn monster count
 E = Non-spawn monster count
 F = Spawn count percentage of total count
 G = Total turns spent on level
                    A         B        C        D         E        F      G
               +---------+---------+-------+---------+---------+-------+---------
         Total |       0 |    1736 |   0.0 |       0 |     126 |   0.0 |  5653
               +---------+---------+-------+---------+---------+-------+---------
           D:1 |       0 |      64 |   0.0 |       0 |      29 |   0.0 |   891
           D:2 |       0 |     243 |   0.0 |       0 |      32 |   0.0 |  1067
           D:3 |       0 |     216 |   0.0 |       0 |      36 |   0.0 |  1149
           D:4 |       0 |     218 |   0.0 |       0 |      13 |   0.0 |  1353
           D:5 |       0 |     995 |   0.0 |       0 |      16 |   0.0 |  1176
               +---------+---------+-------+---------+---------+-------+---------
